 Dungeon Crawl Stone Soup version 0.20.1-1-g8b1a95d (webtiles) character file.

4013 McKennaii the Zephyrmancer (level 10, -11/53 HPs)
             Began as a Tengu Air Elementalist on Aug 3, 2017.
             Was a Believer of Vehumet.
             Mangled by a merfolk
             ... wielding a +0 spear
              (19 damage)
             ... on level 9 of the Dungeon.
             The game lasted 00:24:21 (10958 turns).

McKennaii the Zephyrmancer (TeAE)                  Turns: 10958, Time: 00:24:22

Health: -11/53     AC:  3    Str:  9    XL:     10   Next: 23%
Magic:  12/21      EV: 14    Int: 23    God:    Vehumet [**....]
Gold:   348        SH:  0    Dex: 14    Spells: 13/23 levels left

rFire    . . .     SeeInvis .   (no weapon)
rCold    . . .     Gourm    .   (no shield)
rNeg     . . .     Faith    .   a - +0 robe
rPois    .         Spirit   .   (helmet restricted)
rElec    .         Reflect  .   (no cloak)
rCorr    .         Harm     .   F - +0 pair of gloves
MR       .....                  (boots unavailable)
Stlth    ++........             (no amulet)
Regen    0.2/turn               o - ring of wizardry
MPRegen  0.2/turn               G - +4 ring of intelligence

@: no status effects
A: beak, talons 3, able to fly 1
a: Fly, Renounce Religion


You were on level 9 of the Dungeon.
You worshipped Vehumet.
Vehumet was pleased with you.
You were very hungry.

You visited 2 branches of the dungeon, and saw 10 of its levels.
You also visited: Ossuary.

You collected 348 gold pieces.

Inventory:

Armour
 a - a +0 robe (worn)
 F - a +0 pair of gloves (worn)
 H - the +1 plate armour "Ikinwas" {rElec Str-5 Int+8 SInv}
   (You found it on level 9 of the Dungeon)

   It affects your strength (-5).
   It affects your intelligence (+8).
   It insulates you from electricity.
   It lets you see invisible.
Jewellery
 o - a ring of wizardry (left hand)
 y - an uncursed ring of stealth
 G - a +4 ring of intelligence (right hand)
Wands
 A - a wand of confusion (21/48)
 B - a wand of confusion (16/48)
 I - a wand of flame (22/48)
 K - a wand of scattershot (4/9)
Scrolls
 d - 8 scrolls of teleportation
 e - 8 scrolls of remove curse
 j - 11 scrolls of identify
 m - 6 scrolls of immolation {unknown}
 n - 3 scrolls of amnesia {unknown}
 q - a scroll of enchant armour {unknown}
 v - 2 scrolls of enchant weapon {unknown}
 x - a scroll of magic mapping {unknown}
 C - 3 scrolls of noise {unknown}
 J - a scroll of fog {unknown}
 L - a scroll of summoning {unknown}
Potions
 f - a potion of degeneration {unknown}
 g - 4 potions of lignification {unknown}
 h - 7 potions of curing
 k - 4 potions of haste {unknown}
 r - a potion of brilliance {unknown}
 s - 2 potions of mutation {unknown}
 t - 2 potions of agility {unknown}
 w - 2 potions of heal wounds {unknown}
 z - 2 potions of resistance {unknown}
 D - a potion of flight {unknown}
Books
 b - a book of Air

   Spells                             Type                      Level
   a - Shock                          Conjuration/Air              1
   b - Swiftness                      Charms/Air                   2
   c - Static Discharge               Conjuration/Air              3
   d - Airstrike                      Air                          4
   e - Lightning Bolt                 Conjuration/Air              5
 u - a book of Changes

   Spells                             Type                      Level
   a - Beastly Appendage              Transmutation                1
   b - Sticks to Snakes               Transmutation                2
   c - Spider Form                    Transmutation/Poison         3
   d - Ice Form                       Ice/Transmutation            4
   e - Blade Hands                    Transmutation                5
 E - a book of Callings

   Spells                             Type                      Level
   a - Summon Small Mammal            Summoning                    1
   b - Call Imp                       Summoning                    2
   c - Call Canine Familiar           Summoning                    3
   d - Summon Guardian Golem          Hexes/Summoning              3
   e - Summon Lightning Spire         Summoning/Air                4
   f - Summon Ice Beast               Ice/Summoning                4
Comestibles
 c - 2 bread rations
 i - 8 fruits
 l - 12 royal jellies
 p - 5 meat rations


   Skills:
 + Level 2.0 Fighting
 + Level 3.8 Dodging
 + Level 3.0 Stealth
 + Level 7.1 Spellcasting
 + Level 8.5 Conjurations
 + Level 0.9 Fire Magic
 * Level 12.6 Air Magic
 + Level 0.4 Evocations


You had 13 spell levels left.
You knew the following spells:

 Your Spells              Type           Power        Failure   Level  Hunger
a - Shock                 Conj/Air       ####         1%          1    None
b - Swiftness             Chrm/Air       #####...     1%          2    None
c - Lightning Bolt        Conj/Air       ######....   1%          5    #####..
d - Throw Flame           Conj/Fire      ####..       1%          2    None


Dungeon Overview and Level Annotations

Branches:
Dungeon (9/15)             Temple (1/1) D:5             Orc (0/2) D:9
   Lair: D:8-11

Altars:
Ashenzari
Elyvilon
Fedhas
Hepliaklqana
Nemelex Xobeh
Qazlal
Ru
Sif Muna
Vehumet
Xom
Yredelemnul

Shops:
D:8 }

Annotations:
D:9 MajkelK's ghost, novice MiBe


Innate Abilities, Weirdness & Mutations

You have a beak for a mouth.
You have claws for feet.
You can fly.


Message History

The merfolk is severely wounded.
The merfolk hits you from afar with a spear!
Casting: Shock
Confirm with . or Enter, or press ? or * to list all spells.
Aiming: Shock
Press: ? - help, Shift-Dir - straight line The zap hits the merfolk.
The merfolk is almost dead.
The zap hits the merfolk.
The merfolk is almost dead.
The merfolk hits you from afar with a spear!!
* * * LOW HITPOINT WARNING * * *
Casting: Shock
Confirm with . or Enter, or press ? or * to list all spells.
Aiming: Shock
Press: ? - help, Shift-Dir - straight line The zap misses the merfolk.
The zap hits the merfolk.
The merfolk is almost dead.
The merfolk hits you from afar with a spear!!
You die...

..####....#
..........####
.............#
..#####......#
#≈.%#......#
#≈(%#.....##
#≈m##.....## .
#≈.†#......#
....##@##......#
................#
.............####
............##
..............
.......#......#
.......#......#
................
##.............


You could see a merfolk.

Vanquished Creatures
  Prince Ribbit (D:6)
  A hippogriff (D:7)
  A warg (D:9)
  Menkaure (D:6)
  A soldier ant (D:8)
  3 black bears
  3 ogres
  4 orc warriors
  A hornet zombie (D:8)
  2 ice beasts
  A sky beast (D:8)
  4 phantoms
  A centaur (D:6)
  4 bullfrogs
  A scorpion (D:8)
  2 howler monkeys
  2 centaur zombies (Ossuary)
  2 crimson imps
  4 hounds
  2 bullfrog zombies
  A jelly (D:5)
  2 orc wizards
  A human zombie (Ossuary)
  6 orc priests
  A bullfrog skeleton (D:5)
  6 worker ants
  An iguana (D:8)
  A big kobold zombie (Ossuary)
  A hound zombie (D:6)
  A hound skeleton (D:6)
  2 mummies (Ossuary)
  11 gnolls
  7 adders
  A shadow imp (D:6)
  An ooze (D:4)
  An adder skeleton (D:8)
  2 adder zombies (Ossuary)
  2 dart slugs
  3 leopard geckos
  22 orcs
  7 giant cockroaches
  8 goblins
  12 hobgoblins
  5 jackals
  10 kobolds
  4 quokkas
  2 ball pythons
  6 bats
  8 frilled lizards
  3 goblin zombies (Ossuary)
  12 hobgoblin zombies (Ossuary)
  A jackal skeleton (D:7)
  A jackal zombie (Ossuary)
  12 kobold zombies (Ossuary)
  A leopard gecko skeleton (D:5)
  3 orc zombies (Ossuary)
  10 rats
219 creatures vanquished.

Notes
Turn   | Place    | Note
-------+----------+-------------------------------------------
     0 | D:1      | McKennaii the Tengu Air Elementalist began the quest for the Orb.
     0 | D:1      | Reached XP level 1. HP: 10/10 MP: 4/4
   167 | D:1      | Reached XP level 2. HP: 15/15 MP: 3/6
   604 | D:1      | Reached XP level 3. HP: 19/19 MP: 2/7
   785 | D:2      | Reached skill level 5 in Air Magic
   816 | D:2      | Reached XP level 4. HP: 24/24 MP: 0/8
  1393 | D:2      | Found a faded altar of an unknown god.
  1608 | D:2      | Learned a level 2 spell: Swiftness
  1776 | D:3      | Reached skill level 6 in Air Magic
  1776 | D:3      | Gained mutation: You can fly. [Tengu growth]
  1776 | D:3      | Reached XP level 5. HP: 28/28 MP: 6/10
  1814 | D:3      | Learned a level 5 spell: Lightning Bolt
  2157 | D:3      | Noticed an ice beast
  2173 | D:3      | Killed an ice beast
  2173 | D:3      | Reached XP level 6. HP: 32/32 MP: 3/11
  2453 | D:3      | Noticed a two-headed ogre
  2888 | D:4      | Reached skill level 7 in Air Magic
  3228 | D:4      | Reached XP level 7. HP: 5/36 MP: 1/13
  4301 | D:5      | Entered Level 5 of the Dungeon
  4336 | D:5      | Reached skill level 1 in Fighting
  4362 | D:5      | Reached skill level 8 in Air Magic
  4443 | D:5      | Found a shimmering altar of Xom.
  4682 | D:5      | Found a staircase to the Ecumenical Temple.
  4700 | Temple   | Entered the Ecumenical Temple
  4757 | Temple   | Became a worshipper of Vehumet
  5109 | D:5      | Found a hazy altar of Hepliaklqana.
  5437 | D:6      | Noticed Menkaure
  5581 | D:4      | Reached XP level 8. HP: 12/43 MP: 1/15
  5821 | D:5      | Reached skill level 9 in Air Magic
  5923 | D:6      | Killed Menkaure
  5923 | D:6      | Reached skill level 5 in Conjurations
  5931 | D:6      | Reached skill level 5 in Spellcasting
  6102 | D:6      | Noticed Prince Ribbit
  6567 | D:6      | Reached skill level 10 in Air Magic
  6770 | D:6      | Reached * piety under Vehumet
  6770 | D:6      | Offered knowledge of Sting by Vehumet.
  6770 | D:6      | Reached XP level 9. HP: 48/48 MP: 2/18
  6780 | D:6      | Killed Prince Ribbit
  7509 | D:7      | Found a sand-covered staircase.
  7521 | Ossuary  | Entered an ossuary
  7665 | Ossuary  | Reached skill level 11 in Air Magic
  7695 | Ossuary  | Reached ** piety under Vehumet
  7715 | Ossuary  | Offered knowledge of Throw Flame by Vehumet.
  7758 | Ossuary  | Learned a level 2 spell: Throw Flame
  9008 | D:7      | You fall through a shaft for 2 floors!
  9024 | D:9      | Got a steaming plate armour
  9060 | D:9      | Found a shattered altar of Ashenzari.
  9139 | D:9      | Noticed MajkelK's ghost (novice MiBe)
  9141 | D:9      | Noticed a two-headed ogre
  9430 | D:8      | Identified the cursed +1 plate armour "Ikinwas" {rElec Str-5 Int+8 SInv} (You found it on level 9 of the Dungeon)
  9489 | D:8      | Found Qerora Wuyky's Quality Used Wands.
 10051 | D:8      | Reached skill level 12 in Air Magic
 10130 | D:8      | Reached XP level 10. HP: 53/53 MP: 4/21
 10699 | D:9      | Found a staircase to the Orcish Mines.
 10958 | D:9      | Mangled by a merfolk

Skill      XL: |  1  2  3  4  5  6  7  8  9 10 |
---------------+-------------------------------+-----
Air Magic      | 5 6 7 8 10 12 | 12.6
Conjurations   | 2 3 4 6 7 8 |  8.5
Spellcasting   | 3 4 5 6 7 |  7.1
Fighting       | 1 2 |  2.0
Dodging        | 3 |  3.8
Stealth        | 3 |  3.0
Fire Magic     | |  0.9
Evocations     | |  0.4

Action                   |  1- 3 |  4- 6 |  7- 9 | 10-12 || total
-------------------------+-------+-------+-------+-------++-------
Melee: Unarmed           |     2 |     2 |    37 |       ||    41
       Kick              |       |     1 |    11 |       ||    12
       Peck              |       |       |     9 |       ||     9
 Cast: Shock             |    49 |   158 |   338 |    44 ||   589
       Lightning Bolt    |       |     3 |    18 |     8 ||    29
       Throw Flame       |       |       |    14 |       ||    14
 Abil: Fly               |       |       |     4 |       ||     4
Evoke: Wand              |       |       |     4 |       ||     4
  Use: Potion            |       |       |     1 |       ||     1
       Scroll            |       |       |     3 |     1 ||     4
 Stab: Confused          |       |       |     2 |       ||     2
  Eat: Chunk             |       |     9 |    20 |     3 ||    32
       Fruit             |       |       |     4 |       ||     4
       Bread ration      |       |       |     1 |       ||     1
Armor: Robe              |       |     3 |    12 |       ||    15
Dodge: Dodged            |     4 |    28 |    96 |    15 ||   143
